 Dungeon Crawl Stone Soup version 0.23.2-40-g277498a001 (webtiles) character file.

Game seed: 14309632262982071197

48 Descartes the Skirmisher (level 4, -1/36 HPs)
             Began as a Formicid Abyssal Knight on Oct 9, 2019.
             Was a Believer of Lugonu.
             Slain by a worm (9 damage)
             ... on level 2 of the Dungeon.
             The game lasted 00:03:46 (1072 turns).

Descartes the Skirmisher (Formicid Abyssal Knight)  Turns: 1072, Time: 00:03:47

Health: -1/36      AC:  3    Str: 16    XL:     4   Next: 0%
Magic:  5/5        EV: 11    Int: 13    God:    Lugonu [**....]
Gold:   72         SH:  0    Dex: 10    Spells: 4/4 levels left

rFire    . . .     SeeInvis +   a - +1 falchion
rCold    . . .     Gourm    .   (no shield)
rNeg     . . .     Faith    .   b - +0 leather armour
rPois    .         Spirit   .   (helmet unavailable)
rElec    .         Reflect  .   h - scarf {repulsion}
rCorr    .         Harm     .   (no gloves)
MR       .....                  (no boots)
Stlth    +.........             (no amulet)
HPRegen  0.12/turn              (no ring)
MPRegen  0.09/turn              (no ring)

@: repel missiles
A: permanent stasis, dig shafts and tunnels, four strong arms, antennae 3
a: Dig, Shaft Self, Depart the Abyss, Bend Space, Renounce Religion


You were on level 2 of the Dungeon.
You worshipped Lugonu.
Lugonu was pleased with you.
You were not hungry.

You visited 1 branch of the dungeon, and saw 2 of its levels.
You visited the Abyss 1 time.

You collected 72 gold pieces.

Inventory:

Hand Weapons
 a - a +1 falchion (weapon)
 m - a +0 dagger of flaming
Missiles
 g - 48 stones (quivered)
Armour
 b - a +0 leather armour (worn)
 h - a scarf of repulsion (worn)
Magical Staves
 d - an uncursed staff of wizardry {unknown}
Scrolls
 e - 2 scrolls of amnesia {unknown}
 i - a scroll of blinking {unknown}
 k - 2 scrolls of remove curse {unknown}
 l - a scroll of enchant weapon {unknown}
 n - a scroll of enchant armour {unknown}
 p - a scroll of identify {unknown}
 q - 2 scrolls of teleportation {unknown}
Potions
 j - 2 potions of curing {unknown}
 o - 3 potions of agility {unknown}
 r - a potion of haste {unknown}
 s - a potion of might {unknown}
Comestibles
 c - a ration
 f - 2 chunks of flesh


   Skills:
 + Level 3.6 Fighting
 + Level 2.4 Long Blades
 + Level 2.5 Armour
 + Level 1.2 Dodging
 + Level 1.5 Stealth
 + Level 0.7 Spellcasting
 + Level 2.6 Invocations


You had 4 spell levels left.
You didn't know any spells.
Your spell library contained the following spells:

 Spells                   Type           Power        Failure   Level  Hunger
 Shock                    Conj/Air       #...         34%         1    ##.....
 Swiftness                Chrm/Air       #.......     45%         2    ###....
 Static Discharge         Conj/Air       #.......     71%         3    ####...
 Airstrike                Air            #.........   98%         4    #####..
 Lightning Bolt           Conj/Air       #.........   100%        5    ######.


Dungeon Overview and Level Annotations

Branches:
Dungeon (2/15)

Altars:


Innate Abilities, Weirdness & Mutations

You cannot be hasted, slowed, berserked, paralysed or teleported.
You can dig through walls and to a lower floor.
Your four strong arms can wield two-handed weapons with a shield.
You have a pair of large antennae on your head. (SInv)


Message History

The worm is moderately wounded.
You barely miss the worm.
The worm is moderately wounded.
The worm misses you.
Your leather armour prevents you from hitting the worm.
The worm is moderately wounded.
The worm bites you!
You are too injured to fight recklessly!
You are too injured to fight recklessly!
You are too injured to fight recklessly!
You hit the worm.
The worm is heavily wounded.
The worm bites you!
* * * LOW HITPOINT WARNING * * *
You hit the worm.
The worm is heavily wounded.
You slash the worm!
The worm is almost dead.
The worm bites you!
You die...

... .# .. .. #
#..#.##### #.#..#.....
.......... #..##
..#..#...# .....
.......w.# #......
.......@.###
#....#####.#........####
#......................#
..............#.....####
....................####
#.....##...............#
....................####
....<..#............###
#......#...............#


You could see a worm.

Vanquished Creatures
  A hound zombie (D:2)
  An ooze (D:1)
  An adder zombie (D:2)
  A dart slug (D:1)
  A ball python (D:2)
  5 bats
  A giant cockroach (D:1)
  4 goblins (D:1)
  2 hobgoblins
  A quokka (D:2)
  2 kobolds (D:1)
  A quokka skeleton (D:2)
  2 rats (D:1)
23 creatures vanquished.

Notes
Turn   | Place    | Note
-------+----------+-------------------------------------------
     0 | Abyss:1  | Descartes the Formicid Abyssal Knight began the quest for
                  | the Orb.
     0 | Abyss:1  | Reached XP level 1. HP: 18/18 MP: 2/2
    19 | Abyss:1  | Found a corrupted altar of Lugonu.
    63 | Abyss:2  | Noticed a starcursed mass
   104 | Abyss:2  | Noticed a small abomination
   133 | D:1      | Escaped the Abyss
   182 | D:1      | Reached skill level 1 in Dodging
   182 | D:1      | Reached XP level 2. HP: 16/24 MP: 3/3
   555 | D:1      | Reached skill level 1 in Stealth
   561 | D:1      | Reached XP level 3. HP: 28/29 MP: 4/4
   951 | D:2      | Reached ** piety under Lugonu
  1039 | D:2      | Reached XP level 4. HP: 28/36 MP: 5/5
  1072 | D:2      | Slain by a worm

Skill      XL: |  1  2 |
---------------+-------+-----
Dodging        | 1 |  1.2
Stealth        | 1 |  1.5
Fighting       | |  3.6
Long Blades    | |  2.4
Armour         | |  2.5
Spellcasting   | |  0.7
Invocations    | |  2.6

Action                   |  1- 3 |  4- 6 || total
-------------------------+-------+-------++-------
Melee: Falchion          |    65 |     9 ||    74
  Eat: Chunk             |       |     1 ||     1
Armor: Leather armour    |    19 |       ||    19
Dodge: Dodged            |    43 |     1 ||    44
       Rpst.: Falchion   |    17 |       ||    17
